 Dungeon Crawl Stone Soup version 0.18-a0-1343-g48c8f86 (webtiles) character file.

227726 M4edhros the Impaler (level 19, -7/111 HPs)
             Began as an Octopode Artificer on Feb 16, 2016.
             Was the Champion of Fedhas.
             Mangled by a guardian serpent (25 damage)
             ... on level 4 of the Snake Pit.
             The game lasted 03:00:22 (38278 turns).

M4edhros the Impaler (Octopode Artificer)          Turns: 38278, Time: 03:00:23

Health: -7/111     AC: 12    Str: 14    XL:     19   Next: 39%
Magic:  23/23      EV: 14    Int: 23    God:    Fedhas [******]
Gold:   2040       SH:  8    Dex: 10    Spells: 5 memorised, 19 levels left

rFire  . . .     SeeInvis .     E - +3 rod of shadows (2/16)
rCold  + . .     Gourm    .     c - +3 warlock's mirror {reflect}
rNeg   . . .     Faith    .     N - +2 hat
rPois  .         Spirit   .     B - amulet of regeneration
rElec  .         Dismiss  .     j - +6 ring of slaying
rCorr  .         Reflect  +     G - +2 ring of protection
SustAt .         Harm     .     U - +2 ring of strength
MR     ++...                    F - ring of wizardry
Stlth  ++++++....               K - +2 ring of intelligence
                                T - +5 ring of slaying
                                g - +2 ring of protection
                                e - +3 ring of slaying

@: lethally poisoned (-7 -> -14), constricted, repel missiles, very resistant to
hostile enchantments, very stealthy
A: almost no armour, amphibious, 8 rings, constrict 8, antennae 1, large bone
plates 1, molten scales 1, slimy green scales 1, camouflage 1, blurry vision 1,
clumsy 1, cold resistance 1, frail 1, low mp 3, magic resistance 1, mutation
resistance 1, gelatinous body 1
a: Evolution, Sunlight, Growth, Reproduction, Rain, Renounce Religion
}: 1/15 runes: barnacled


You were on level 4 of the Snake Pit.
You worshipped Fedhas.
Fedhas was exalted by your worship.
You were near starving.

You visited 5 branches of the dungeon, and saw 33 of its levels.
You also visited: Labyrinth, Sewer, Bailey and Ice Cave.

You collected 4117 gold pieces.
You spent 2077 gold pieces at shops.

Inventory:

Hand Weapons
 w - a +9 greatsling
 Y - the +8 glaive of the Guard {elec, +Rage AC+5 SInv}
   (You found it on level 12 of the Dungeon)

   Occasionally, upon striking a foe, it will discharge some electrical energy
   and cause terrible harm.
   It affects your AC (+5).
   It lets you see invisible.
   It lets you go berserk.
Missiles
 k - 966 stones (quivered)
 m - 9 curare-tipped needles
 u - 18 steel sling bullets
 z - 291 sling bullets
 O - 24 exploding sling bullets
Armour
 c - the +3 warlock's mirror (worn) {reflect}
   (You found it on level 4 of the Shoals)
 L - a +2 large shield
 N - a +2 hat (worn)
Rods
 v - a +3 rod of clouds (12/12)
   (You bought it in a shop on level 2 of the Orcish Mines)
 E - a +3 rod of shadows (2/16) (weapon)
   (You found it in a labyrinth)
 M - a +3 lightning rod (15/15)
   (You found it in a labyrinth)
Jewellery
 e - a +3 ring of slaying (on tentacle)
 g - a +2 ring of protection (on tentacle)
 j - a +6 ring of slaying (left tentacle)
 n - a +4 amulet of reflection
 B - an amulet of regeneration (around mantle)
 F - a ring of wizardry (on tentacle)
 G - a +2 ring of protection (right tentacle)
 K - a +2 ring of intelligence (on tentacle)
 T - a +5 ring of slaying (on tentacle)
 U - a +2 ring of strength (on tentacle)
Wands
 s - a wand of iceblast (10/15)
 x - a wand of heal wounds (9/9)
 y - a wand of confusion (17/48)
 Q - a wand of paralysis (2/24)
 V - a wand of confusion (23/48)
 W - a wand of iceblast (7/15)
 Z - a wand of iceblast (6/15)
Scrolls
 a - 4 scrolls of teleportation
 h - a scroll of blinking
 i - a scroll of acquirement
 l - 3 scrolls of magic mapping
 r - 4 scrolls of fear
 A - a scroll of enchant armour
 H - 7 scrolls of fog
Potions
 b - 5 potions of might
 d - 2 potions of heal wounds
 C - 5 potions of magic
 D - a potion of berserk rage
Books
 q - Sif Muna's Catalogue of Dark Flames
   (You found it on level 2 of the Snake Pit)

   Spells                             Type                      Level
   a - Animate Skeleton               Necromancy                   1
   b - Throw Flame                    Conjuration/Fire             2
   c - Ignite Poison                  Fire/Transmutation/Poison    3
   d - Inner Flame                    Hexes/Fire                   3
   e - Vampiric Draining              Necromancy                   3
Miscellaneous
 p - a legendary deck of summoning {drawn: 6}
 P - 2 phantom mirrors
 X - a phial of floods (inert)
Comestibles
 f - 17 bread rations
 t - 4 slices of pizza
 J - a royal jelly
 R - 31 fruits


   Skills:
 - Level 9.0 Fighting
   Level 1.3 Short Blades
 - Level 15.7 Polearms
 - Level 12.0 Slings
 - Level 13.3 Dodging
 - Level 11.8 Stealth
 * Level 10.4 Spellcasting
 - Level 3.2 Charms
 - Level 3.1 Necromancy
 * Level 8.5 Transmutations
   Level 0.0 Ice Magic
 - Level 10.8 Invocations
 - Level 15.1 Evocations


You had 19 spell levels left.
You knew the following spells:

 Your Spells              Type           Power        Failure   Level  Hunger
a - Deflect Missiles      Chrm/Air       ###.......   99%         6    ######.
b - Repel Missiles        Chrm/Air       ###...       4%          2    None
c - Mephitic Cloud        Conj/Pois/Air  ##......     12%         3    None
d - Regeneration          Chrm/Necr      ####......   4%          3    None
e - Yara's Violent Unrav  Hex/Trmt       ####......   24%         5    ####...


Dungeon Overview and Level Annotations

Branches:
Dungeon (15/15)            Temple (0/1) D:5            Lair (8/8) D:10
 Shoals (4/4) Lair:6        Snake (4/4) Lair:5        Slime (0/6) Lair:8
    Orc (2/2) D:11            Elf (0/3) Orc:2        Vaults (0/5) D:13
 Depths (0/5) D:15

Altars:
Ashenzari
Elyvilon
Fedhas
Gozag
Kikubaaqudgha
Makhleb
Nemelex Xobeh
Okawaru
Pakellas
Qazlal
Ru
Sif Muna
Trog
Vehumet
Yredelemnul
Zin
The Shining One
Beogh
Jiyva

Shops:
D:4 }   D:12 [[   D:13 *   D:15 %   Orc:1 :}[!   Orc:2 :}??

Portals:
Trove: D:15 (give 2 scrolls of acquirement)

Annotations:
Snake:4 exclusion: 2 hyperactive ballistomycetes
Orc:2 exclusion: hyperactive ballistomycete


Innate Abilities, Weirdness & Mutations

You cannot wear most types of armour.
You are amphibious.
You can wear up to eight rings at the same time.
You can use your tentacles to constrict eight enemies at once.
Your skin changes colour to match your surroundings (Stealth).
Your rubbery body absorbs attacks (AC +1).
You have a pair of small antennae on your head.
You are partially covered in large bone plates (AC +2, SH +2).
You are partially covered in molten scales (AC +1).
You are partially covered in slimy green scales (AC +2).
Scrolls take you a little longer to read.
You are clumsy. (Dex -2)
Your flesh is cold resistant.
You are frail (-10% HP).
Your magical capacity is extremely low (-30% MP).
You are resistant to hostile enchantments.
You are somewhat resistant to further mutation.


Message History

Drink which item? (? for menu, Esc to quit)
Okay, then.
Okay, then.
Drink which item? (? for menu, Esc to quit)
Okay, then.
Read which item? (? for menu, Esc to quit)
Really read with blurry vision while enemies are nearby?
You feel sick.
The guardian serpent completely misses your tengu reaver.
The guardian serpent hits you but does no damage.
The greater naga gestures at you while chanting.
You resist with almost no effort.
You begin reading the scroll.
You continue reading the scroll.
You feel sick. The naga warrior hits you with a mace!
* * * LOW HITPOINT WARNING * * *
The naga misses you.
* * * LOW HITPOINT WARNING * * *
The naga constricts you. The guardian serpent hits you!!
You die...
Fedhas appreciates your contribution to the ecosystem.

PP....##..........###.........###
..P.P.####..........####..N####..
......# ##.............#.#NN....
#####.# ###...............N....
#...#.# ####.................
#...#P# #.####.........### #...#.#
### ####..[####
#..^#P###################.#######
#...'...P...(..S@.QS(............
#####...P)..)..NNNH.((.ยง(........
..P..(.(############..(.(.S......
........#..........'...((........
###)....#..........#.N.........(.
..#.)...#......... #...........).
..#..)).#......... #..........PP)
..#P.P..#....... #............P
..#...).#....[ .............


You could see a naga warrior, a greater naga, 2 guardian serpents, a naga, a
friendly sphinx and a friendly tengu reaver.

Vanquished Creatures
  2 krakens
  The ghost of chonchonts the Impregnable, an adept MiFi of Cheibriados (Shoals:1)
  5 greater nagas
  2 frost giants
  A fire giant (D:15)
  5 merfolk javelineers
  Snorg (Orc:1)
  An ettin (D:15)
  A minotaur (Lab)
  A fire dragon (D:15)
  4 merfolk impalers
  7 hydras
  Harold (Lair:4)
  An ice dragon (D:15)
  9 naga warriors
  5 anacondas
  A wandering mushroom (Snake:4)
  2 merfolk avatars
  2 catoblepae
  2 merfolk aquamancers
  The ghost of vonhedlund the Fighter, a novice HOHu of Okawaru (D:10)
  An alligator snapping turtle (Shoals:2)
  2 satyrs (Shoals:4)
  3 death yaks
  An ogre mage (D:12)
  A tengu warrior (D:13)
  5 orc high priests (Orc:2)
  8 naga sharpshooters
  3 shock serpents
  Sonja (Lair:3)
  Nergalle (Orc:1)
  A wizard (D:14)
  2 deep elf knights
  4 salamander mystics
  An unseen horror (D:12)
  11 sea snakes
  A deep elf archer (Bailey)
  6 naga ritualists
  5 lindwurms
  24 hill giants
  A necromancer (IceCv)
  15 harpies
  9 deep elf magi
  15 fauns
  3 orc knights
  9 ugly things
  6 griffons
  2 water nymphs
  5 orc sorcerers (Orc:2)
  10 sirens
  7 mana vipers
  5 manticores
  8 cyclopes
  7 salamanders
  30 black mambas
  7 guardian serpents
  An ice statue (IceCv)
  20 elephants
  17 naga magi
  2 gargoyles
  15 spiny frogs
  7 komodo dragons
  Joseph (Lair:1)
  An efreet (D:9)
  6 fire drakes
  10 freezing wraiths (IceCv)
  4 yaktaurs (D:13)
  5 trolls
  2 tengu conjurers
  A queen bee (D:14)
  26 merfolk
  2 polar bears (Lair:7)
  A two-headed ogre (D:12)
  A harpy skeleton (D:13)
  A boulder beetle (Lair:7)
  A minotaur skeleton (Lab)
  An air elemental (D:10)
  5 snapping turtles
  6 blink frogs
  Sigmund (D:2)
  2 vampires
  2 shadows (D:13)
  A spriggan (Lair:7)
  A wraith (D:10)
  7 wyverns
  10 basilisks
  8 water elementals
  68 yaks
  3 hungry ghosts
  2 steam dragons
  Grum (Lair:1)
  14 hippogriffs
  4 mottled dragons
  12 vampire mosquitoes
  7 wargs
  Menkaure (D:7)
  A death yak simulacrum (IceCv)
  21 wolves
  38 nagas
  20 water moccasins
  10 porcupines
  A hell hound (Lair:4)
  9 ice beasts
  20 orc warriors
  7 sky beasts
  18 ogres
  An eye of draining (D:12)
  4 black bears
  A boggart (D:13)
  13 centaurs
  17 crocodiles
  6 big kobolds
  29 giant frogs
  A gnoll sergeant (Orc:2)
  A wyvern skeleton (D:14)
  4 scorpions
  A water moccasin skeleton (D:8)
  33 killer bees
  An elephant simulacrum (IceCv)
  An electric eel (Lair:7)
  10 crimson imps
  4 draconian simulacra (IceCv)
  3 hounds
  2 gnoll shamans
  34 orc priests
  10 centaur skeletons
  6 jellies
  24 orc wizards
  5 giant frog skeletons
  6 iguanas
  A polar bear simulacrum (IceCv)
  13 worker ants
  4 troll simulacra (IceCv)
  A wolf simulacrum (IceCv)
  32 sheep
  A spriggan simulacrum (IceCv)
  5 centaur simulacra (IceCv)
  A hound skeleton (D:6)
  The ghost of Duffy the Sneak, a weakling SpEn (D:5)
  22 adders
  19 gnolls
  3 naga simulacra (IceCv)
  40 river rats
  An ogre simulacrum (IceCv)
  3 shadow imps
  24 white imps
  7 oozes
  5 adder skeletons
  5 worms
  15 giant geckos
  99 orcs
  10 giant cockroaches
  10 goblins
  11 hobgoblins
  9 jackals
  8 quokkas
  11 ball pythons
  A ball python zombie (D:5)
  6 bats
  14 giant newts
  20 kobolds
  A quokka skeleton (D:6)
  14 rats
  6 ballistomycetes (Snake:4)
  6 giant spores
  A hyperactive ballistomycete (Snake:4)
  A toadstool (Snake:4)
1348 creatures vanquished.

Vanquished Creatures (collateral kills)
  Frances (Snake:2)
  Ilsuiw (Shoals:4)
  2 greater nagas
  2 merfolk javelineers (Shoals:4)
  2 merfolk impalers (Shoals:4)
  2 hydras
  2 naga warriors
  An alligator snapping turtle (Shoals:4)
  An anaconda (Snake:4)
  A satyr (Shoals:4)
  A naga sharpshooter (Snake:3)
  A shock serpent (Snake:2)
  2 sea snakes
  3 hill giants (D:12)
  4 naga ritualists
  3 deep elf magi
  2 harpies (Shoals:4)
  6 mana vipers
  An ugly thing (D:14)
  4 manticores
  4 griffons
  The ghost of BenSoosneb the Spear-Bearer, a novice MfGl (D:6)
  11 fauns
  2 komodo dragons
  An elephant (Lair:8)
  2 salamanders (Snake:2)
  A siren (Shoals:4)
  12 black mambas
  3 naga magi (Snake:2)
  2 guardian serpents
  A yaktaur (D:13)
  A fire drake (Lair:4)
  2 trolls
  The ghost of Liam the Magician, a novice DEWz of Vehumet (D:4)
  4 merfolk
  A two-headed ogre (D:10)
  A wyvern (Lair:4)
  A hungry ghost (D:11)
  A fire elemental (D:10)
  16 yaks
  4 hippogriffs
  A wolf (Lair:8)
  A warg (Orc:2)
  7 nagas
  Duvessa (D:7)
  2 water moccasins
  2 orc warriors (D:11)
  An ice beast (D:6)
  2 ogres
  2 sky beasts
  2 centaurs
  3 big kobolds
  4 giant frogs
  Dowan (D:7)
  An earth elemental (D:10)
  A scorpion (D:8)
  5 killer bees
  3 orc priests
  A hound (D:9)
  6 orc wizards
  A centaur skeleton (D:9)
  Crazy Yiuf (D:2)
  An iguana (Lair:6)
  A sheep (Lair:3)
  A centaur simulacrum (IceCv)
  2 gnolls (D:9)
  An adder (D:5)
  A naga simulacrum (IceCv)
  3 river rats
  A shadow imp (D:12)
  2 adder skeletons (D:9)
  18 orcs
  A ball python zombie (D:6)
  A ballistomycete (Snake:4)
  A fungus (Shoals:4)
  9 giant spores
  A hyperactive ballistomycete (Orc:2)
206 creatures vanquished.

Vanquished Creatures (others)
  3 oklob plants (Shoals:4)
  A merfolk javelineer (Shoals:4)
  A naga warrior (Snake:4)
  A hydra (D:11)
  A satyr (Shoals:4)
  2 wolf spider zombies
  2 porcupines (Lair:4)
  A merfolk (Shoals:4)
  A hornet zombie (D:13)
  A water elemental (D:10)
  An orc warrior (Orc:2)
  A wasp zombie (D:5)
  A worker ant zombie (D:10)
  A river rat (Lair:8)
  40 wandering mushrooms
  An orc (D:3)
  25 ballistomycetes
  8 fungi
  6 giant spores
  2 hyperactive ballistomycetes (Snake:4)
  31 plants
  10 tentacles
  349 tentacle segments
  1436 toadstools
1926 creatures vanquished.

Grand Total: 3480 creatures vanquished

Notes
Turn   | Place    | Note
--------------------------------------------------------------
     0 | D:1      | M4edhros the Octopode Artificer began the quest for the Orb.
     0 | D:1      | Reached XP level 1. HP: 13/13 MP: 3/3
    46 | D:1      | Reached XP level 2. HP: 9/18 MP: 4/4
   565 | D:1      | Reached skill level 4 in Evocations
   787 | D:2      | Reached XP level 3. HP: 11/23 MP: 6/6
  1416 | D:2      | Found an ancient bone altar of Kikubaaqudgha.
  1449 | D:2      | Reached XP level 4. HP: 28/28 MP: 7/7
  1476 | D:2      | Noticed Crazy Yiuf
  1516 | D:2      | Killed Crazy Yiuf
  1630 | D:2      | Noticed Sigmund
  1844 | D:3      | Reached XP level 5. HP: 29/33 MP: 8/8
  1934 | D:3      | Reached skill level 1 in Slings
  2076 | D:4      | Found a blossoming altar of Fedhas.
  2078 | D:4      | Found a basalt altar of Yredelemnul.
  2089 | D:4      | Became a worshipper of Fedhas Madash
  2496 | D:2      | Killed Sigmund
  2496 | D:2      | Reached skill level 5 in Stealth
  2496 | D:2      | Reached XP level 6. HP: 32/38 MP: 9/9
  2623 | D:3      | Found a stormy altar of Qazlal.
  2947 | D:4      | Found a deep blue altar of Sif Muna.
  2950 | D:4      | Found a sacrificial altar of Ru.
  2950 | D:4      | Found a glowing golden altar of the Shining One.
  2950 | D:4      | Found a shattered altar of Ashenzari.
  3020 | D:4      | Gained mutation: Your mind is acute. (Int +2) [potion of mutation]
  3020 | D:4      | Gained mutation: One of your tentacles bears a spike. [potion of mutation]
  3020 | D:4      | Gained mutation: One of your tentacles bears a nasty spike. [potion of mutation]
  3021 | D:4      | Gained mutation: You are resistant to hostile enchantments. [potion of mutation]
  3021 | D:4      | Gained mutation: Your mind is very acute. (Int +4) [potion of mutation]
  3021 | D:4      | Gained mutation: You are partially covered in slimy green scales (AC +2). [potion of mutation]
  3031 | D:4      | Reached skill level 6 in Stealth
  3045 | D:4      | Reached XP level 7. HP: 43/43 MP: 10/10
  3143 | D:4      | Found Purod's Gadget Shoppe.
  3201 | D:4      | Reached * piety under Fedhas
  3212 | D:4      | Reached skill level 5 in Dodging
  3434 | D:4      | Noticed Liam's ghost (novice DEWz)
  3435 | D:4      | Found a sparkling altar of Nemelex Xobeh.
  3454 | D:4      | Killed Liam's ghost
  3743 | D:5      | Entered Level 5 of the Dungeon
  3750 | D:5      | Reached skill level 7 in Stealth
  3760 | D:5      | Found an iron altar of Okawaru.
  3815 | D:5      | Found a white marble altar of Elyvilon.
  3815 | D:5      | Noticed Duffy's ghost (weakling SpEn)
  3830 | D:5      | Killed Duffy's ghost
  3912 | D:5      | Found a staircase to the Ecumenical Temple.
  3944 | D:5      | Reached XP level 8. HP: 48/48 MP: 11/11
  3997 | D:5      | Found a glowing drain.
  4004 | Sewer    | Entered a sewer
  4118 | Sewer    | Reached ** piety under Fedhas
  4344 | D:5      | Reached skill level 8 in Stealth
  4438 | D:5      | Reached skill level 5 in Invocations
  4547 | D:5      | Found a burning altar of Makhleb.
  5048 | D:6      | Noticed BenSoosneb's ghost (novice MfGl)
  5068 | D:6      | Killed BenSoosneb's ghost
  5068 | D:6      | Reached skill level 9 in Stealth
  5068 | D:6      | Reached XP level 9. HP: 48/53 MP: 12/14
  5134 | D:6      | Reached *** piety under Fedhas
  5932 | D:7      | Lost mutation: Your mind is very acute. (Int +4) [mutagenic meat]
  5934 | D:7      | Gained mutation: Your muscles are strong. (Str +2) [mutagenic meat]
  5935 | D:7      | Gained mutation: Your flesh is cold resistant. [mutagenic meat]
  6387 | D:7      | Noticed Duvessa
  6387 | D:7      | Noticed Dowan
  6402 | D:7      | Killed Duvessa
  6408 | D:7      | Killed Dowan
  6411 | D:7      | Noticed Menkaure
  6416 | D:7      | Killed Menkaure
  6434 | D:7      | Gained mutation: You are partially covered in large bone plates (AC +2, SH +2). [potion of mutation]
  6434 | D:7      | Gained mutation: Your mind is very acute. (Int +4) [potion of mutation]
  6434 | D:7      | Lost mutation: One of your tentacles bears a nasty spike. [potion of mutation]
  6459 | D:7      | Found an oddly glowing altar of Pakellas.
  6462 | D:7      | Reached skill level 10 in Stealth
  6565 | D:8      | Reached **** piety under Fedhas
  6571 | D:8      | Found a flagged portal.
  6605 | Bailey   | Entered a bailey
  6612 | Bailey   | Noticed a deep elf mage
  6618 | Bailey   | Killed a deep elf mage
  6618 | Bailey   | Reached XP level 10. HP: 58/58 MP: 16/16
  6625 | Bailey   | Noticed a deep elf mage
  6626 | Bailey   | Noticed a deep elf mage
  6626 | Bailey   | Noticed a deep elf mage
  6627 | Bailey   | Noticed a deep elf mage
  6628 | Bailey   | Killed a deep elf mage
  6630 | Bailey   | Noticed a deep elf mage
  6631 | Bailey   | Noticed a sun demon
  6631 | Bailey   | Noticed a deep elf mage
  6642 | Bailey   | Killed a deep elf mage
  6645 | Bailey   | Killed a deep elf mage
  6654 | Bailey   | Killed a deep elf mage
  6676 | Bailey   | Killed a deep elf mage
  6700 | Bailey   | Noticed a deep elf archer
  6705 | Bailey   | Killed a deep elf archer
  6705 | Bailey   | Reached skill level 5 in Slings
  6705 | Bailey   | Reached skill level 11 in Stealth
  6719 | Bailey   | Killed a deep elf mage
  6719 | Bailey   | Reached skill level 10 in Invocations
  6801 | Bailey   | Noticed a deep elf mage
  6811 | Bailey   | Killed a deep elf mage
  7051 | D:8      | Noticed a three-headed hydra
  7058 | D:8      | Reached XP level 11. HP: 63/63 MP: 18/18
  7068 | D:8      | Killed a three-headed hydra
  7819 | D:9      | Noticed a brown ugly thing
  7830 | D:9      | Killed a brown ugly thing
  7872 | D:9      | Gained mutation: You occasionally shout uncontrollably at your foes. [mutagenic meat]
  7873 | D:9      | Gained mutation: You are partially covered in molten scales (AC +1). [mutagenic meat]
  7875 | D:9      | Lost mutation: Your mind is very acute. (Int +4) [mutagenic meat]
  8012 | D:9      | Found a bloodstained altar of Trog.
  8175 | D:9      | Found a radiant altar of Vehumet.
  8466 | D:10     | Entered Level 10 of the Dungeon
  8535 | D:10     | Found a staircase to the Lair.
  8586 | D:10     | Reached ***** piety under Fedhas
  8621 | D:10     | Noticed vonhedlund's ghost (novice HOHu)
  8635 | D:10     | Killed vonhedlund's ghost
  8695 | D:10     | Found a large runed door.
  8695 | D:10     | Found a large runed door.
  8824 | D:10     | Reached skill level 10 in Dodging
  9236 | D:10     | Gained mutation: Your magical capacity is low (-10% MP). [mutagenic meat]
  9238 | D:10     | Gained mutation: Your magical capacity is very low (-20% MP). [mutagenic meat]
  9239 | D:10     | Gained mutation: Your body sometimes deteriorates upon taking damage. [mutagenic meat]
  9240 | D:10     | Lost mutation: You occasionally shout uncontrollably at your foes. [mutagenic meat]
  9629 | D:10     | Reached XP level 12. HP: 42/68 MP: 16/16
 10047 | D:11     | Found a staircase to the Orcish Mines.
 10271 | D:11     | Noticed an eight-headed hydra
 10294 | D:11     | Killed an eight-headed hydra
 11105 | D:12     | Found Gotef's Armour Emporium.
 11237 | D:12     | Reached skill level 10 in Slings
 11334 | D:12     | Noticed an ogre mage
 11357 | D:12     | Killed an ogre mage
 11387 | D:12     | Lost mutation: Your muscles are strong. (Str +2) [mutagenic meat]
 11388 | D:12     | Gained mutation: Your spells are a little harder to cast, but a little more powerful. [mutagenic meat]
 11389 | D:12     | Lost mutation: Your mind is acute. (Int +2) [mutagenic meat]
 11504 | D:12     | Reached ****** piety under Fedhas
 11524 | D:12     | Reached skill level 12 in Dodging
 11618 | D:12     | Found Joschaw's Armour Boutique.
 12066 | D:12     | Reached XP level 13. HP: 30/76 MP: 16/16
 12092 | D:12     | Gained mutation: Your mind is acute. (Int +2) [mutagenic meat]
 12093 | D:12     | Gained mutation: Your muscles are strong. (Str +2) [mutagenic meat]
 12094 | D:12     | Gained mutation: You tend to lose your temper in combat. [mutagenic meat]
 12328 | Lair:1   | Entered Level 1 of the Lair of Beasts
 12351 | Lair:1   | Noticed Joseph
 12373 | Lair:1   | Killed Joseph
 12412 | Lair:1   | Noticed Grum
 12418 | Lair:1   | Killed Grum
 13095 | Lair:2   | Reached skill level 5 in Fighting
 13112 | Lair:2   | Found a frozen archway.
 13134 | Lair:2   | Found a radiant altar of Vehumet.
 13164 | IceCv    | Entered an ice cave
 13174 | IceCv    | Reached skill level 13 in Dodging
 13553 | IceCv    | Found an ancient bone altar of Kikubaaqudgha.
 14119 | Lair:2   | Learned a level 6 spell: Deflect Missiles
 14330 | Lair:2   | Reached skill level 1 in Polearms
 14330 | Lair:2   | Reached skill level 1 in Spellcasting
 14665 | Lair:3   | Found a labyrinth entrance.
 14675 | Lab      | Entered a labyrinth
 15229 | Lab      | Noticed a minotaur
 15241 | Lab      | Killed a minotaur
 15342 | Lab      | Identified a +2 rod of shadows (14/14) (You found it in a labyrinth)
 15346 | Lab      | Got a faintly glowing dagger
 15349 | Lab      | Identified the +4 dagger of Truncation {venom, Str+2} (You found it in a labyrinth)
 15688 | Lair:3   | Noticed Sonja
 15693 | Lair:3   | Killed Sonja
 15699 | Lair:3   | Got a slimy hand axe
 15701 | Lair:3   | Identified the +8 hand axe "Lerixtown" {antimagic, MP+9 Int+7 Dex+2} (You found it on level 3 of the Lair of Beasts)
 16063 | Lair:3   | Reached skill level 5 in Polearms
 16063 | Lair:3   | Reached XP level 14. HP: 43/90 MP: 14/17
 16652 | Lair:4   | Noticed Harold
 16664 | Lair:4   | Killed Harold
 16868 | Lair:5   | Found a staircase to the Snake Pit.
 17489 | Lair:5   | Found a blossoming altar of Fedhas.
 17808 | Lair:6   | Reached skill level 10 in Polearms
 18079 | Lair:6   | Found a staircase to the Shoals.
 18225 | Lair:6   | Learned a level 2 spell: Repel Missiles
 18229 | Lair:6   | Learned a level 3 spell: Mephitic Cloud
 18866 | Lair:7   | Gained mutation: Scrolls take you a little longer to read. [potion of mutation]
 18866 | Lair:7   | Lost mutation: One of your tentacles bears a spike. [potion of mutation]
 19000 | Lair:7   | Reached XP level 15. HP: 94/94 MP: 18/18
 19898 | Lair:8   | Entered Level 8 of the Lair of Beasts
 20182 | Lair:8   | Found a staircase to the Slime Pits.
 20183 | Lair:8   | Found a viscous altar of Jiyva.
 20304 | Lair:8   | Found a shattered altar of Ashenzari.
 20447 | Lair:8   | Reached skill level 14 in Polearms
 21085 | Orc:1    | Entered Level 1 of the Orcish Mines
 21199 | Orc:1    | Found Tananim's Book Shoppe.
 21214 | Orc:1    | Found Suekij's Gadget Shop.
 21259 | Orc:1    | Found Plog's Antique Armour Boutique.
 21272 | Orc:1    | Noticed Snorg
 21275 | Orc:1    | Found Vemapneo's Distillery.
 21283 | Orc:1    | Killed Snorg
 21544 | Orc:1    | Reached skill level 15 in Polearms
 21826 | Orc:1    | Noticed a frost giant
 21841 | Orc:1    | Killed a frost giant
 21903 | Orc:1    | Got a translucent eveningstar
 21928 | Orc:1    | Identified the +6 eveningstar "Padirgh" {drain, Str+4} (You found it on level 1 of the Orcish Mines)
 22041 | Orc:1    | Identified the Grimoire of the Mountains and the Glacier (You found it on level 1 of the Orcish Mines)
 22274 | Orc:1    | Noticed Nergalle
 22304 | Orc:1    | Killed Nergalle
 22304 | Orc:1    | Reached XP level 16. HP: 92/99 MP: 19/19
 22520 | Orc:2    | Entered Level 2 of the Orcish Mines
 22569 | Orc:2    | Found a staircase to the Elven Halls.
 22929 | Orc:2    | Reached skill level 5 in Evocations
 23090 | Orc:2    | Found Nanof's Book Shoppe.
 23090 | Orc:2    | Found Tupt's Magic Scroll Emporium.
 23096 | Orc:2    | Found Mium's Magic Scroll Emporium.
 23098 | Orc:2    | Found Ydyph's Gadget Shoppe.
 23278 | Orc:2    | Found a runed door.
 23652 | Orc:2    | Found a roughly hewn altar of Beogh.
 23712 | Orc:2    | Bought a +3 rod of clouds (12/12) for 1500 gold pieces
 23861 | D:13     | Found Erghon's General Store.
 23942 | D:13     | Gained mutation: You have a pair of small antennae on your head. [mutagenic meat]
 24633 | D:13     | Found a gate to the Vaults.
 25013 | D:13     | Reached skill level 10 in Evocations
 25051 | D:14     | Found an oddly glowing altar of Pakellas.
 25166 | D:14     | Found an opulent altar of Gozag.
 25364 | D:14     | Lost mutation: You tend to lose your temper in combat. [mutagenic meat]
 25366 | D:14     | Lost mutation: Your mind is acute. (Int +2) [mutagenic meat]
 25368 | D:14     | Gained mutation: You are somewhat resistant to further mutation. [mutagenic meat]
 25858 | D:15     | Entered Level 15 of the Dungeon
 26011 | D:15     | Found a staircase to the Depths.
 26056 | D:15     | Found a runed door.
 26188 | D:15     | Found a portal to a secret trove of treasure.
 26580 | D:15     | Found Jocit's Food Emporium.
 26588 | D:15     | Bought 5 fruits for 97 gold pieces
 27198 | Shoals:1 | Entered Level 1 of the Shoals
 27272 | Shoals:1 | Reached XP level 17. HP: 68/105 MP: 17/21
 27569 | Shoals:1 | Noticed a kraken
 27580 | Shoals:1 | Killed a kraken
 27593 | Shoals:1 | Got a faintly glowing spear
 27623 | Shoals:1 | Noticed chonchonts's ghost (adept MiFi)
 27638 | Shoals:1 | Killed chonchonts's ghost
 28904 | Shoals:2 | Reached skill level 15 in Evocations
 29387 | Orc:1    | Bought a book of Necromancy for 480 gold pieces
 29391 | Orc:1    | Learned a level 3 spell: Regeneration
 29971 | Shoals:3 | Reached skill level 1 in Charms
 29971 | Shoals:3 | Reached skill level 1 in Necromancy
 29999 | Shoals:3 | Noticed a kraken
 30021 | Shoals:3 | Killed a kraken
 30556 | Shoals:3 | Identified a scroll of acquirement
 31125 | Shoals:4 | Entered Level 4 of the Shoals
 31162 | Shoals:4 | Noticed Ilsuiw
 31491 | Shoals:4 | Killed Ilsuiw
 31572 | Shoals:4 | Reached XP level 18. HP: 101/114 MP: 23/23
 31620 | Shoals:4 | Reached skill level 5 in Spellcasting
 31693 | Shoals:4 | Got a barnacled rune of Zot
 32641 | Lair:2   | Learned a level 5 spell: Yara's Violent Unravelling
 32716 | Snake:1  | Entered Level 1 of the Snake Pit
 32805 | Snake:1  | Reached skill level 1 in Transmutations
 33961 | Snake:1  | Lost mutation: Your spells are a little harder to cast, but a little more powerful. [mutagenic meat]
 34590 | Snake:2  | Noticed Frances
 34613 | Snake:2  | Killed Frances
 34860 | Snake:2  | Gained mutation: You are clumsy. (Dex -2) [mutagenic meat]
 35843 | Snake:2  | Identified Sif Muna's Catalogue of Dark Flames
 36155 | Snake:3  | Reached skill level 5 in Transmutations
 36507 | Snake:3  | Lost mutation: Your body sometimes deteriorates upon taking damage. [potion of mutation]
 36612 | Snake:3  | Found a glowing silver altar of Zin.
 36770 | Snake:4  | Entered Level 4 of the Snake Pit
 36923 | Snake:4  | Reached XP level 19. HP: 73/124 MP: 22/25
 36984 | Snake:4  | Lost mutation: Your muscles are strong. (Str +2) [mutagenic meat]
 36986 | Snake:4  | Gained mutation: Your magical capacity is extremely low (-30% MP). [mutagenic meat]
 37517 | Snake:4  | Reached skill level 10 in Spellcasting
 38102 | Snake:4  | Gained mutation: You are frail (-10% HP). [mutagenic meat]
 38278 | Snake:4  | Mangled by a guardian serpent

Vault maps used:
D:1:      sevenhm_arrival_forest_fort_small_6, minmay_statues_item
D:2:      kiku_gazebo_garden_becter, uniq_crazy_yiuf_cottage, uniq_sigmund
D:3:      overflow_temple_1_default
D:4:      lemuel_round_altar, yredelemnul_altar_generic,
          grunt_temple_overflow_open, nemelex_xobeh_ov_fountains_minmay,
          first_bread, serial_shops, kennysheep_mini_moat, hex_tiny
D:5:      old_standard_altar, okawaru_trees_2, elyvilon_altar_5,
          minmay_temple_entry_glassed_door, gup_sewer_entry_spiral
D:6:      serial_undead, serial_undead_e, serial_undead_e, serial_undead_f,
          serial_undead_e, serial_undead_a, serial_undead_d, serial_undead_d,
          serial_undead_b, serial_undead_d, serial_undead_e
D:7:      old_standard_altar, uniq_menkaure, uniq_duvessa
D:8:      enter_bailey_3, hangedman_ranch, grunt_ministairs_9
D:9:      hangedman_cross_stitches, overflow_temple_1_default,
          trog_ov_bears_minmay
D:10:     david_lair_generic, lightli_elemental_guards
D:11:     hiddenorc2_lemuel, minmay_curled_crystal, patterned_corridor
D:12:     minmay_box_of_statues, serial_shops, shop, shop, minmay_diamond_spiral
D:13:     hangedman_vaults_entry_quadrant_bands, serial_shops, shop
D:14:     nrook_mini_backslash, special_room, basic_altar, grunt_pakellas_basics
D:15:     grunt_enter_depths_hoard, trove_entry_hex_spiral, serial_shops,
          nicolae_shop_window_shopping, kennysheep_treasure_room
Lair:1:   uniq_joseph, uniq_grum
Lair:2:   portal_ice_cave_entry_imps, hangedman_lair_unloving_vines,
          lemuel_oklob_altar
Lair:3:   lab_entry_generic, beast_lair_carwin_3, uniq_sonja
Lair:4:   special_room, serial_bayou_shore_b, grunt_megastairs_3, uniq_harold
Lair:5:   minmay_snake_entry_six_corridors, tgw_fedhas
Lair:6:   minmay_shoals_entry_beasts, minmay_lindwurm_lava
Lair:7:   forest_entry_grove, grunt_megastairs_2, serial_bayou_shore_b,
          serial_bayou_shore_b
Lair:8:   hangedman_lair_in_review, slime_altar_1, small_statue_intersection,
          lemuel_centaur_altar
Shoals:3: nicolae_shoals_seven_spires
Shoals:4: shoals_end_grunt_garden, shoal_ilsuiw
Snake:2:  statue_in_the_mist_lemuel, serial_bayou_lagoon_a, grunt_ministairs_7,
          nicolae_snake_serpentine_hallways, nicolae_snake_squiggles,
          st_stairs_4, uniq_frances
Snake:3:  basic_altar
Snake:4:  snake_hunt, nicolae_large_snake_swirl, serial_bayou_shore_b
Orc:1:    giant_chief_lemuel, serial_shops, shop,
          nicolae_shop_overgrown_old_shop, shop_fountains, shop, shop,
          uniq_fannar, uniq_snorg, uniq_nergalle
Orc:2:    st_orc_mages, nicolae_orc_rockfall, nicolae_orc_damp_corner,
          lightli_church_of_beogh
Lab:      labyrinth_hidden_loot, nicolae_lab_diamond, labyrinth_skeletal_remains
Sewer:    sewer_frog_island_02
Bailey:   bailey_polearm_3, bailey
IceCv:    ice_cave_small_necro

Action                   |  1- 3 |  4- 6 |  7- 9 | 10-12 | 13-15 | 16-18 | 19-21 || total
-------------------------+-------+-------+-------+-------+-------+-------+-------++-------
Melee: Short sword       |    63 |    13 |       |       |       |       |       ||    76
       Quarterstaff      |       |    30 |     6 |       |       |       |       ||    36
       Dagger            |       |       |   165 |   383 |       |       |       ||   548
       Glaive            |       |       |       |    38 |  1002 |   695 |       ||  1735
       Greatsling        |       |       |       |       |       |     2 |       ||     2
 Fire: Hunting sling     |       |    32 |   149 |   260 |   125 |   191 |       ||   757
       Greatsling        |       |       |       |       |       |   327 |   204 ||   531
Throw: Stone             |       |       |       |       |       |    10 |       ||    10
 Cast: Repel Missiles    |       |       |       |       |     3 |    20 |     3 ||    26
       Mephitic Cloud    |       |       |       |       |       |     6 |       ||     6
       Regeneration      |       |       |       |       |       |    62 |    21 ||    83
Invok: Evolution         |       |       |     4 |     9 |    16 |    22 |     5 ||    56
       Sunlight          |       |       |     1 |     6 |     1 |     1 |       ||     9
       Reproduction      |       |       |       |     2 |     1 |     4 |     1 ||     8
       Rain              |       |       |       |       |       |     5 |       ||     5
 Abil: Evoke Berserk Rag |       |       |       |       |    13 |     6 |       ||    19
Evoke: Wand              |     2 |     7 |     7 |    11 |    19 |    33 |     7 ||    86
       Phial of floods   |       |       |       |     1 |     1 |     6 |     1 ||     9
       Rod               |       |       |       |       |       |    60 |    23 ||    83
       Box of beasts     |       |       |       |       |       |     9 |       ||     9
       Deck              |       |       |       |       |       |     6 |       ||     6
  Use: Scroll            |       |     5 |       |    11 |     7 |    33 |     2 ||    58
       Potion            |       |     4 |     1 |    10 |     8 |    24 |       ||    47
 Stab: Sleeping          |       |     1 |    37 |    22 |    55 |    32 |       ||   147
       Paralysed         |       |     1 |       |       |       |     2 |       ||     3
       Confused          |       |       |       |     6 |     9 |     8 |       ||    23
       Distracted        |       |       |       |     2 |     5 |     7 |       ||    14
  Eat: Chunk             |     1 |     3 |     7 |    13 |    21 |    33 |    13 ||    91
       Bread ration      |       |     1 |     1 |       |       |       |       ||     2
       Royal jelly       |       |       |     1 |     1 |       |    13 |     2 ||    17
       Beef jerky        |       |       |     1 |       |     4 |     2 |       ||     7
       Meat ration       |       |       |       |     3 |     5 |     5 |       ||    13
       Pizza             |       |       |       |       |     4 |     3 |       ||     7
